 Dungeon Crawl Stone Soup version 0.23.1 (webtiles) character file.

Game seed: 3317591668642097515

289 Borgoz the Sneak (level 6, 0/47 HPs)
             Began as a Ghoul Enchanter on Mar 5, 2019.
             Was a Follower of Dithmenos.
             Slain by an ogre
             ... wielding a +0 giant club
              (15 damage)
             ... on level 4 of the Dungeon.
             The game lasted 00:10:46 (5426 turns).

Borgoz the Sneak (Ghoul Enchanter)                  Turns: 5426, Time: 00:10:47

Health: 0/47       AC:  2    Str: 12    XL:     6   Next: 31%
Magic:  0/8        EV: 18    Int: 11    God:    Dithmenos [*.....]
Gold:   166        SH:  0    Dex: 15    Spells: 3/9 levels left

rFire    . . .     SeeInvis .   f - +0 short sword
rCold    + . .     Gourm    .   (no shield)
rNeg     + + +     Faith    .   b - +0 robe
rPois    ∞         Spirit   .   (no helmet)
rElec    .         Reflect  .   (no cloak)
rCorr    .         Harm     .   (no gloves)
MR       .....                  (no boots)
Stlth    ++++......             (no amulet)
HPRegen  0.00/turn              t - +3 ring of slaying
MPRegen  0.11/turn              (no ring)

@: agile, very slightly contaminated, rotting, wreathed by umbra
A: rotting body, claws 1, carnivore, cold resistance 1, negative energy
resistance 3, inhibited regeneration, torment resistance, unbreathing
a: Renounce Religion


You were on level 4 of the Dungeon.
You worshipped Dithmenos.
Dithmenos was aware of your devotion.
You were hungry.

You visited 1 branch of the dungeon, and saw 4 of its levels.

You collected 166 gold pieces.

Inventory:

Hand Weapons
 f - a +0 short sword (weapon)
Missiles
 h - 5 javelins (quivered)
Armour
 b - a +0 robe (worn)
Jewellery
 t - a +3 ring of slaying (left claw)
Scrolls
 a - 4 scrolls of identify {unknown}
 c - 2 scrolls of teleportation
 e - a scroll of magic mapping {unknown}
 i - a scroll of enchant weapon {unknown}
 j - 2 scrolls of remove curse
 l - 3 scrolls of random uselessness {unknown}
 m - 4 scrolls of fog {unknown}
 n - a scroll of blinking {unknown}
 o - a scroll of immolation {unknown}
 u - a scroll of noise {unknown}
Potions
 k - a potion of agility
 p - a potion of ambrosia {unknown}
 q - a potion of cancellation {unknown}
 s - a potion of brilliance
 v - a potion of magic {unknown}
 w - a potion of degeneration {unknown}
Comestibles
 d - 4 rations


   Skills:
 + Level 1.4 Fighting
 + Level 3.3 Short Blades
 + Level 2.4 Dodging
 + Level 4.6 Stealth
 + Level 2.3 Spellcasting
 + Level 3.0 Hexes
 + Level 0.3 Ice Magic


You had 3 spell levels left.
You knew the following spells:

 Your Spells              Type           Power        Failure   Level  Hunger
a - Corona                Hex            #......      8%          1    ##.....
b - Ensorcelled Hibernat  Hex/Ice        #.....       22%         2    ###....
c - Confuse               Hex            #.......     24%         3    ####...

Your spell library contained the following spells:

 Spells                   Type           Power        Failure   Level  Hunger
 Tukima's Dance           Hex            #.......     24%         3    ####...
 Dazzling Spray           Conj/Hex       #.....       41%         3    ####...


Dungeon Overview and Level Annotations

Branches:
Dungeon (4/15)
 Temple: D:4-7

Altars:
Dithmenos
Fedhas
Hepliaklqana
Kikubaaqudgha
Xom
Yredelemnul


Innate Abilities, Weirdness & Mutations

Your body is rotting away.
You thrive on raw meat.
You are immune to poison.
You have sharp fingernails.
You are carnivorous and can eat meat at any time.
Your flesh is cold resistant. (rC+)
You are immune to negative energy. (rN+++)
You do not regenerate when monsters are visible.
You are immune to unholy pain and torment.
You can survive without breathing.


Message History

Aim: an ogre, wielding a +0 giant club (moderately wounded, umbra, chance to defeat MR: 37%)
You miscast Ensorcelled Hibernation.
You are very lightly contaminated with residual magic.
You hear a crackling sound.
The ogre barely misses you.
You see here 11 gold pieces.
You see here 11 gold pieces.
Casting: Ensorcelled Hibernation (safe; 22% risk of failure)
Confirm with . or Enter, or press ? or * to list all spells.
You don't have enough magic to cast that spell.
Unknown command.
Casting: Ensorcelled Hibernation (safe; 22% risk of failure)
Confirm with . or Enter, or press ? or * to list all spells.
Aiming: Ensorcelled Hibernation (safe; 22% risk of failure)
Press: ? - help, Shift-Dir - straight line, f/p - ogre
Aim: an ogre, wielding a +0 giant club (lightly wounded, chance to defeat MR: 37%)
The ogre easily resists.
You are feeling hungry.
The ogre hits you with a +0 giant club!
You die...

## ..# #.#
#.# ..# #.#
####.#######
#..$...[....
#
#@##.######
#.##O##.#
#.......#
####....##
#.....#
#.....####
#.?.......
##...#####
##.##


You could see an ogre.

Vanquished Creatures
  Jessica (D:3)
  2 worker ants
  A hound zombie (D:4)
  8 adders
  An ooze (D:3)
  An adder skeleton (D:4)
  4 dart slugs
  3 worms (D:2)
  3 leopard geckos
  10 orcs (D:3)
  2 ball pythons
  4 giant cockroaches
  2 gnoll zombies (D:3)
  9 hobgoblins
  4 jackals (D:1)
  A quokka (D:2)
  6 bats
  3 frilled lizards
  13 goblins
  8 kobolds
  A leopard gecko skeleton (D:4)
  10 rats
97 creatures vanquished.

Notes
Turn   | Place    | Note
-------+----------+-------------------------------------------
     0 | D:1      | Borgoz the Ghoul Enchanter began the quest for the Orb.
     0 | D:1      | Reached XP level 1. HP: 14/14 MP: 2/2
   201 | D:1      | Reached XP level 2. HP: 10/20 MP: 0/3
   210 | D:1      | Reached skill level 1 in Short Blades
   586 | D:2      | HP: 1/20 [adder (4)]
   589 | D:2      | Reached XP level 3. HP: 6/26 MP: 4/4
   958 | D:2      | Found a shadowy altar of Dithmenos.
   979 | D:2      | Learned a level 2 spell: Ensorcelled Hibernation
  1482 | D:1      | Reached XP level 4. HP: 22/32 MP: 4/6
  1959 | D:2      | Learned a level 3 spell: Confuse
  2004 | D:2      | Reached skill level 4 in Stealth
  2130 | D:2      | Became a worshipper of Dithmenos the Shadowed
  2801 | D:3      | Noticed Jessica
  2850 | D:3      | HP: 1/34 [kobold/+0 dagger (1)]
  3207 | D:3      | Reached XP level 5. HP: 36/39 MP: 7/7
  3435 | D:2      | Found a hazy altar of Hepliaklqana.
  3436 | D:2      | Found a shimmering altar of Xom.
  3436 | D:2      | Noticed a death ooze
  3437 | D:2      | Noticed a spectral ugly thing
  3437 | D:2      | Noticed a death ooze
  3493 | D:2      | Reached skill level 1 in Fighting
  3742 | D:2      | Found an ancient bone altar of Kikubaaqudgha.
  4382 | D:4      | Found a blossoming altar of Fedhas.
  4531 | D:4      | Reached * piety under Dithmenos
  4785 | D:3      | Reached XP level 6. HP: 43/47 MP: 8/8
  4902 | D:3      | Found a basalt altar of Yredelemnul.
  5031 | D:3      | Killed Jessica
  5426 | D:4      | Slain by an ogre

Skill      XL: |  1  2  3  4  5 |
---------------+----------------+-----
Short Blades   | 1 2 3 |  3.3
Dodging        | 2 |  2.4
Spellcasting   | 2 |  2.3
Stealth        | 4 |  4.6
Hexes          | 3 |  3.0
Fighting       | 1 |  1.4
Ice Magic      | |  0.3

Action                   |  1- 3 |  4- 6 || total
-------------------------+-------+-------++-------
Melee: Dagger            |    82 |       ||    82
       Short sword       |    82 |   248 ||   330
 Cast: Corona            |     7 |     2 ||     9
       Ensorcelled Hiber |     1 |    32 ||    33
       Confuse           |       |     1 ||     1
  Use: Scroll            |     1 |     2 ||     3
       Potion            |       |     5 ||     5
 Stab: Sleeping          |     1 |    25 ||    26
       Confused          |       |     1 ||     1
  Eat: Chunk             |    16 |    20 ||    36
Armor: Robe              |    21 |    38 ||    59
Dodge: Dodged            |    76 |   137 ||   213
